 Dungeon Crawl Stone Soup version 0.19.5 (webtiles) character file.

181 Rozenbaumfricks the Shield-Bearer (level 5, -5/42 HPs)
             Began as a Demonspawn Fighter on Apr 19, 2017.
             Killed from afar by an orc wizard (9 damage)
             ... with a magic dart
             ... on level 4 of the Dungeon.
             The game lasted 00:07:53 (3397 turns).

Rozenbaumfricks the Shield-Bearer (DsFi)            Turns: 3397, Time: 00:07:53

Health: -5/42      AC:  7    Str: 17    XL:     5   Next: 34%
Magic:  0/5        EV:  6    Int:  8    God:
Gold:   186        SH:  8    Dex: 12    Spells: 0 memorised, 4 levels left

rFire  . . .     SeeInvis .     a - +1 long sword
rCold  . . .     Gourm    .     b - +0 scale mail
rNeg   . . .     Faith    .     c - +0 shield
rPois  .         Spirit   +     r - +0 helmet
rElec  .         Reflect  .     (no cloak)
rCorr  .         Harm     .     (no gloves)
MR     .....     Clarity  +     (no boots)
Stlth  ..........               (no amulet)
                                (no ring)
                                (no ring)

@: heavily drained
A: blurry vision 1, clarity, dopey 1, magic shield
a: no special abilities


You were on level 4 of the Dungeon.
You were not hungry.

You visited 1 branch of the dungeon, and saw 4 of its levels.

You collected 186 gold pieces.

Inventory:

Hand Weapons
 a - a +1 long sword (weapon)
Armour
 b - a +0 scale mail (worn)
 c - a +0 shield (worn)
 r - a +0 helmet (worn)
Scrolls
 i - 2 scrolls of enchant weapon
 j - a scroll of immolation {unknown}
 k - a scroll of noise {unknown}
 p - a scroll of remove curse
 s - a scroll of random uselessness
 t - a scroll of amnesia
Potions
 d - a potion of might
 e - a potion of mutation
 m - a potion of ambrosia
 n - a potion of cancellation {unknown}
 o - a potion of flight
 q - a potion of magic {unknown}
 u - a potion of heal wounds {unknown}
Comestibles
 f - 2 bread rations
 g - 2 chunks of flesh
 l - 2 meat rations


   Skills:
 + Level 3.7(2.6) Fighting
 + Level 3.0(1.9) Long Blades
 + Level 3.3(2.2) Armour
 + Level 0.3(0.0) Dodging
 + Level 3.8(2.7) Shields


You had 4 spell levels left.
You didn't know any spells.

Dungeon Overview and Level Annotations

Branches:
Dungeon (4/15)
 Temple: D:4-7

Altars:


Innate Abilities, Weirdness & Mutations

When hurt, damage is shared between your health and your magic reserves.
Scrolls take you a little longer to read.
You possess an exceptional clarity of mind.
You are dopey. (Int -2)


Message History

The orc wizard hits you with a dagger of electrocution.
You are electrocuted!
* * * LOW HITPOINT WARNING * * *
You closely miss the orc wizard.
The orc wizard is severely wounded.
The orc wizard casts a spell.
The orc wizard blinks!
u - a viscous emerald potion You feel better.
The orc wizard casts a spell.
The orc wizard seems to speed up.
You hear the slow rusting of a very distant drain.
The orc wizard points at you and mumbles some strange words.
The magic dart hits you!
The orc wizard hits you with a dagger of electrocution.
You are electrocuted!
* * * LOW HITPOINT WARNING * * *
The orc wizard casts a spell at you. The magic dart hits you!
You die...

.### ## ..... .#
#...#####.####
.............#
#.##..#<..##.##.
#...............
####.........##
#....@...##
#.....o#..#
#...........(
.............##
.........##..#
........... ..#
..........## ##
##.##.####


You could see an orc wizard.

Vanquished Creatures
  An orc wizard (D:3)
  8 adders
  An ooze (D:1)
  3 worms
  A dart slug (D:3)
  8 orcs (D:3)
  4 ball pythons
  4 bats
  4 giant cockroaches
  A goblin (D:1)
  6 hobgoblins
  3 jackals (D:2)
  4 kobolds (D:1)
  A quokka (D:3)
  6 frilled lizards
  3 rats
58 creatures vanquished.

Notes
Turn   | Place    | Note
-------+----------+-------------------------------------------
     0 | D:1      | Rozenbaumfricks the Demonspawn Fighter began the quest for the Orb.
     0 | D:1      | Reached XP level 1. HP: 18/18 MP: 1/1
   225 | D:1      | Gained mutation: When hurt, damage is shared between your health and your magic reserves. [demonic ancestry]
   225 | D:1      | Reached XP level 2. HP: 24/24 MP: 2/2
   664 | D:2      | Reached XP level 3. HP: 12/29 MP: 3/3
  1675 | D:3      | Reached XP level 4. HP: 35/35 MP: 4/4
  2663 | D:3      | Gained mutation: Scrolls take you a little longer to read. [potion of mutation]
  2663 | D:3      | Gained mutation: You possess an exceptional clarity of mind. [potion of mutation]
  2663 | D:3      | Gained mutation: You are dopey. (Int -2) [potion of mutation]
  2979 | D:3      | Reached XP level 5. HP: 22/42 MP: 3/5
  3397 | D:4      | Killed from afar by an orc wizard

Skill      XL: |  1  2  3  4  5 |
---------------+----------------+-----
Long Blades    | 2 3 |  3.0
Shields        | 3 |  3.8
Armour         | 3 |  3.3
Fighting       | |  3.7
Dodging        | |  0.3

Action                   |  1- 3 |  4- 6 || total
-------------------------+-------+-------++-------
Melee: Long sword        |   128 |   133 ||   261
  Use: Scroll            |     2 |     4 ||     6
       Potion            |       |     3 ||     3
  Eat: Chunk             |     2 |     5 ||     7
       Beef jerky        |       |     1 ||     1
Armor: Scale mail        |    66 |    80 ||   146
Dodge: Dodged            |    31 |    38 ||    69
Block: Shield            |    82 |    83 ||   165
       Rpst.: Long sword |    12 |    17 ||    29
